Map: Frozen Temple

Players

SuMmErTimE

  • Race: Protoss Protoss
  • League: Master
  • Spawn Location: 11:00

EGDisruptor (goblin) - Winner!

  • Race: Protoss Protoss
  • League: Master
  • Spawn Location: 5:00

VOD

Have the link to the VOD?

Description

meeK vs goblin

Time

  • Played on: April 3, 2016, 12:49 p.m.
  • Length: 5:23
Show
View Real Time Build Order
Export as new Build Order

SuMmErTimE Protoss 

Build Orders:  

Get SALT Encoding   

  12  0:01  Probe (Chrono Boost)  
  13  0:11  Probe (Chrono Boost)  
  14  0:22  Probe (Chrono Boost)  
  15  0:33  Pylon  
  15  0:52  Gateway  
  15  0:53  Gateway  
  15  0:58  Gateway  
  15  1:07  Gateway  
  15  1:15  Pylon  
  15  1:19  Probe (Chrono Boost)  
  18  1:42  Zealot (Chrono Boost)  
  18  1:43  Zealot (Chrono Boost)  
  22  1:47  Zealot (Chrono Boost)  
  22  1:49  Pylon  
  22  1:56  Zealot (Chrono Boost)  
  26  2:09  Zealot x2 (Chrono Boost)  
  30  2:19  Zealot (Chrono Boost)  
  30  2:36  Zealot x2 (Chrono Boost)  
  30  2:37  Zealot (Chrono Boost)  
  31  2:48  Zealot (Chrono Boost)  
  30  3:03  Zealot (Chrono Boost)  
  30  3:04  Zealot (Chrono Boost)  
  25  3:31  Zealot (Chrono Boost)  
  27  3:40  Probe  
  24  3:53  Zealot (Chrono Boost)  
  24  4:03  Zealot (Chrono Boost)  
  20  4:21  Zealot (Chrono Boost)  
  20  4:24  Zealot (Chrono Boost)  
  18  4:26  Probe  
  19  4:36  Zealot (Chrono Boost)  
  17  4:49  Zealot (Chrono Boost)  
  19  4:55  Zealot (Chrono Boost)  
Show
View Real Time Build Order
Export as new Build Order

EGDisruptor Protoss - Winner!

Build Orders:  

Get SALT Encoding   

  12  0:02  Probe (Chrono Boost)  
  13  0:13  Probe (Chrono Boost)  
  14  0:19  Pylon  
  14  0:23  Probe (Chrono Boost)  
  15  0:37  Probe (Chrono Boost)  
  15  0:39  Gateway  
  16  0:46  Assimilator  
  16  0:49  Probe (Chrono Boost)  
  17  1:00  Pylon  
  17  1:18  Gateway  
  17  1:19  Gateway  
  17  1:29  Cybernetics Core  
  17  1:34  Probe (Chrono Boost)  
  18  1:44  Probe (Chrono Boost)  
  19  1:51  Assimilator  
  19  1:56  Zealot (Chrono Boost)  
  21  2:05  Pylon  
  21  2:07  Mothership Core (Chrono Boost)  
  21  2:08  Adept (Chrono Boost)  
  27  2:24  Adept (Chrono Boost)  
  22  3:02  Adept (Chrono Boost)  
  22  3:05  Adept (Chrono Boost)  
  26  3:09  Probe  
  25  3:28  Probe  
  24  3:40  Probe  
  25  3:49  Adept (Chrono Boost)  
  26  4:15  Adept (Chrono Boost)  
  25  4:22  Probe (Chrono Boost)  
  27  4:33  Probe (Chrono Boost)  
  28  4:39  Adept (Chrono Boost)  
  30  4:45  Pylon  
  30  4:53  Probe  
  31  5:05  Probe  
Tags
 
Matchup
PvP
Player
goblin
Spawn Locations
Cross Positions
Add a new tag
Caveats
  • Supply blocks, unpowered buildings, or Contaminate may cause inaccurate times.
  • Supply counts are checked every 10 seconds.